AoeStats
← [Tps] Gordon Freeman

MegaRandom

506970546Analyzed
2v2 RM · 17d ago on Sep 16, 2026· 34m 33s· 4 players
Game mode
Random Map
Map size
Medium (4 player)
Population
200
Speed
Normal
Resources
Standard
Victory
Conquest
Starting age
Dark Age
Ending age
Imperial Age
RankedLock teamsTeams togetherTeam positionsShared explorationLock speedFull tech treeHidden civsTurbo modeCheats
Victory
Defeat
🇺🇸 Romans · United States
1127
+16
🇺🇸 Burgundians · United States
1127
+16
🇦🇷 Saracens · Argentina
1177
-17
🇦🇷 Bohemians · Argentina
1092
-15
ColdShmurda7
0:30 Loom
12:21 Feudal Age
10:39 Horse Collar
12:30 Wheelbarrow
11:46 Double-Bit Axe
11:58 Gold Mining
15:38 Gold Shaft Mining
18:29 Castle Age
22:28 Heavy Plow
23:53 Fletching
24:31 Bodkin Arrow
32:56 Hand Cart
33:20 Forging
Ascendant
0:32 Loom
10:35 Feudal Age
11:37 Double-Bit Axe
12:44 Horse Collar
15:44 Castle Age
14:00 Stone Mining
14:46 Fletching
14:56 Padded Archer Armor
16:39 Bodkin Arrow
16:59 Leather Archer Armor
17:52 Gold Mining
21:51 Scale Barding Armor
28:19 Imperial Age
26:46 Bloodlines
28:34 Chain Barding Armor
28:27 Forging
28:27 Cavalier
33:46 Plate Barding Armor
33:58 Wheelbarrow
33:08 Town Watch
34:07 Husbandry
35:27 Iron Casting
eloydordolo87
0:37 Loom
11:41 Feudal Age
15:41 Castle Age
14:46 Double-Bit Axe
23:05 Redemption
[Tps] Gordon Freeman
5:59 Loom
12:47 Feudal Age
16:22 Castle Age
14:48 Double-Bit Axe
15:25 Fletching
16:06 Padded Archer Armor
16:38 Crossbowman
17:29 Bodkin Arrow
18:31 Gold Mining
19:53 Leather Archer Armor
21:22 Horse Collar
25:35 Ballistics
25:25 Thumb Ring
31:50 Imperial Age
32:23 Heavy Plow
32:35 Bow Saw
33:02 Wheelbarrow
33:04 Gold Shaft Mining
32:07 Arbalester
34:13 Chemistry
35:29 Ring Archer Armor
Connection lost

Rejoining the realm…

Still unreachable

The connection could not be restored.

Session expired

The server has moved on; the page needs a fresh start.